 Dungeon Crawl Stone Soup version 0.27.1-4-g1640c2035a (webtiles) character file.

Game seed: 14765129810475090204

63 bearlyready the Skirmisher (level 4, -1/48 HPs)
             Began as an Ogre Delver on Nov 13, 2021.
             Was an Initiate of Ru.
             Slain by a gnoll shaman (11 damage)
             ... in the Ecumenical Temple.
             The game lasted 00:03:41 (979 turns).

bearlyready the Skirmisher (Ogre Delver)             Turns: 979, Time: 00:03:42

Health: -1/48      AC:  3    Str: 17    XL:     4   Next: 10%
Magic:  4/4        EV:  9    Int: 11    God:    Ru [......]
Gold:   42         SH:  0    Dex: 10    Spells: 3/3 levels left

rFire    . . .     SeeInvis .   a - +0 mace
rCold    . . .     Faith    .   (no shield)
rNeg     . . .     Spirit   .   b - +0 robe
rPois    .         Reflect  .   (helmet restricted)
rElec    .         Harm     .   (no cloak)
rCorr    .         Rampage  .   (gloves unavailable)
Will     .....                  (boots unavailable)
Stlth    ++........             (no amulet)
HPRegen  0.16/turn              (no ring)
MPRegen  0.09/turn              (no ring)

@: hasted, very quick
A: large, unfitting armour, tough skin 1
a: Renounce Religion


You were in the Ecumenical Temple.
You worshipped Ru.
Ru was noncommittal.
You visited 2 branches of the dungeon, and saw 3 of its levels.

You collected 42 gold pieces.

Inventory:

Hand Weapons
 a - a +0 mace (weapon)
Missiles
 d - an atropa-tipped dart (quivered)
 h - 17 stones
Armour
 b - a +0 robe (worn)
Wands
 g - a wand of digging (3)
Scrolls
 c - a scroll of fog


   Skills:
 - Level 4.0 Fighting
 + Level 3.9 Maces & Flails
 - Level 1.7 Dodging
 - Level 3.7 Stealth


You had 3 spell levels left.
You didn't know any spells.
Your spell library was empty.

Dungeon Overview and Level Annotations

Branches:
Dungeon (6/15)             Temple (1/1) D:5

Altars:
Ashenzari
Cheibriados
Dithmenos
Elyvilon
Fedhas
Gozag
Hepliaklqana
Kikubaaqudgha
Nemelex Xobeh
Okawaru
Qazlal
Ru
Sif Muna
Trog
Uskayaw
Vehumet
Wu Jian
Xom
Yredelemnul
Zin
The Shining One

Shops:
D:6 (

Annotations:
D:5 Prince Ribbit


Innate Abilities, Weirdness & Mutations

You are too large for most types of armour.
You have tough skin. (AC +1)


Message History

The gnoll barely misses you. The gnoll hits you with a +0 flail.
* * * LOW HITPOINT WARNING * * *
The gnoll shaman barely misses you.
You feel yourself speed up. The gnoll hits you with a +0 flail.
* * * LOW HITPOINT WARNING * * *
The gnoll shaman closely misses you.
Throw: 5 darts (atropa)
Press: ? - help, Q - select action, (/) - cycle Shift-Dir - straight line, f/p - gnoll shaman
Aim: a gnoll shaman, wielding a +0 club and wearing a +0 robe (61% to hit, chance to blind on hit: 83%)
You throw an atropa-tipped dart.
The atropa-tipped dart completely misses the gnoll shaman.
The gnoll is no longer blind.
The gnoll barely misses you.
You barely miss the gnoll.
The gnoll is severely wounded.
The gnoll barely misses you.
The gnoll shaman hits you with a +0 club.
* * * LOW HITPOINT WARNING * * *
Throw: 4 darts (atropa)
Press: ? - help, Q - select action, (/) - cycle Shift-Dir - straight line, f/p - gnoll shaman
Aim: a gnoll shaman, wielding a +0 club and wearing a +0 robe (61% to hit, chance to blind on hit: 83%)
You throw an atropa-tipped dart.
The atropa-tipped dart hits the gnoll shaman.
The gnoll shaman appears confused.
The gnoll barely misses you.
Throw: 3 darts (atropa)
Press: ? - help, Q - select action, (/) - cycle Shift-Dir - straight line, f - gnoll, p - gnoll shaman
Aim: a gnoll, wielding a +0 flail (severely wounded, fast, 61% to hit, chance to blind on hit: 100%)
You throw an atropa-tipped dart.
The atropa-tipped dart barely misses the gnoll.
The gnoll shaman seems less confused.
The gnoll closely misses you. The gnoll shaman closely misses you.
Throw: 2 darts (atropa)
Press: ? - help, Q - select action, (/) - cycle Shift-Dir - straight line, f/p - gnoll
Aim: a gnoll, wielding a +0 flail (severely wounded, fast, 61% to hit, chance to blind on hit: 100%)
You throw an atropa-tipped dart. The atropa-tipped dart hits the gnoll.
The gnoll appears confused.
The gnoll is severely wounded.
The gnoll barely misses you.
The gnoll shaman hits you with a +0 club!
You die...

≈≈≈≈≈≈≈≈≈≈≈......(...............
≈≈≈≈≈≈≈≈≈≈........._..._.........
≈≈≈≈≈≈≈≈≈.................._.....
≈≈≈≈≈≈≈≈......._.................
≈≈≈≈≈≈≈≈#........................
≈≈≈≈≈≈≈.............(.........._.
≈≈≈≈≈≈≈...........(.##_##........
≈≈≈≈≈≈......_...gg#########......
≈≈≈≈≈≈..........@## ##.....
≈≈≈≈≈...........## ##....
≈≈≈≈≈#..........# #....
≈≈≈≈≈....._....## ##...
≈≈≈≈≈..........## ##...
≈≈≈≈≈.........._# #_.._
≈≈≈≈≈..........## ##...
≈≈≈≈≈....._....## ##...
≈≈≈≈≈#..........# #....


You could see a gnoll shaman (blind) and a gnoll (fast, confused, blind).

Vanquished Creatures
  A howler monkey (D:6)
  A centaur skeleton (D:6)
2 creatures vanquished.

Notes
Turn   | Place    | Note
-------+----------+-------------------------------------------
     0 | D:5      | bearlyready the Ogre Delver began the quest for the Orb.
     0 | D:5      | Reached XP level 1. HP: 24/24 MP: 1/1
    38 | D:5      | Noticed Prince Ribbit
    38 | D:5      | Noticed a phantom
    64 | D:6      | Noticed a howler monkey
    88 | D:6      | Killed a howler monkey
    89 | D:6      | Reached XP level 2. HP: 7/32 MP: 2/2
    89 | D:6      | Reached XP level 3. HP: 9/39 MP: 3/3
    94 | D:6      | Reached XP level 4. HP: 8/48 MP: 4/4
   382 | D:6      | Noticed an ogre
   461 | D:6      | Noticed a sky beast
   463 | D:6      | Found Jyhel Juad's Antique Weapon Shoppe.
   467 | D:5      | Found a staircase to the Ecumenical Temple.
   476 | Temple   | Entered the Ecumenical Temple
   911 | Temple   | Became a worshipper of Ru the Awakened
   979 | Temple   | Slain by a gnoll shaman

Illustrated notes

Levels and vault maps discovered:
D:5:      layout_basic, minmay_temple_entry_statues_pillars,
          gammafunk_ghost_arena, hex_intersection, nicolae_shop_self_help,
          uniq_prince_ribbit1
D:6:      layout_basic, serial_shops, shop, st_stairs_7
Temple:   nicolae_temple_the_god_donut

Skill      XL: |  1 |
---------------+----+-----
Maces & Flails | 3 |  3.9
Fighting       | |  4.0
Dodging        | |  1.7
Stealth        | |  3.7

Action                   |  1- 3 |  4- 6 || total
-------------------------+-------+-------++-------
Melee: Mace              |    16 |     5 ||    21
Throw: Dart              |       |     7 ||     7
       Stone             |       |     1 ||     1
  Use: Scroll            |     2 |       ||     2
       Potion            |     1 |     1 ||     2
Armor: Robe              |     5 |       ||     5
Dodge: Dodged            |    11 |    17 ||    28
